 Dungeon Crawl Stone Soup version 0.27.1-1-g398f81649c (webtiles) character file.

Game seed: 3802111435713625197

501 greenlake the Shield-Bearer (level 7, -12/60 HPs)
             Began as a Gnoll Fighter on Sept 14, 2021.
             Mangled by an ogre (26 damage)
             ... on level 4 of the Dungeon.
             The game lasted 00:05:23 (3326 turns).

greenlake the Shield-Bearer (Gnoll Fighter)         Turns: 3326, Time: 00:05:24

Health: -12/60     AC:  7    Str: 15    XL:     7   Next: 17%
Magic:  10/10      EV:  8    Int:  9    God:
Gold:   217        SH: 10    Dex: 12    Spells: 10/10 levels left

rFire    . . .     SeeInvis .   a - +0 trident
rCold    . . .     Faith    .   c - +0 kite shield
rNeg     . . .     Spirit   .   b - +0 scale mail
rPois    .         Reflect  .   (no helmet)
rElec    .         Harm     .   (no cloak)
rCorr    .         Rampage  .   (no gloves)
Will     .....                  (no boots)
Stlth    +.........             (no amulet)
HPRegen  0.20/turn              (no ring)
MPRegen  0.12/turn              (no ring)

@: no status effects
A: fangs 1, strong nose, distributed training
a: no special abilities


You were on level 4 of the Dungeon.
You visited 1 branch of the dungeon, and saw 4 of its levels.

You collected 217 gold pieces.

Inventory:

Hand Weapons
 a - a +0 trident (weapon)
Missiles
 p - 17 poisoned darts (quivered)
Armour
 b - a +0 scale mail (worn)
 c - a +0 kite shield (worn)
Jewellery
 t - a ring of positive energy
Wands
 v - a wand of digging (4)
Scrolls
 g - a scroll of holy word {unknown}
 h - a scroll of blinking {unknown}
 i - 5 scrolls of identify {unknown}
 k - 2 scrolls of teleportation {unknown}
 l - a scroll of fog {unknown}
 o - a scroll of amnesia {unknown}
 u - a scroll of fear {unknown}
Potions
 d - a potion of might
 e - 3 potions of flight {unknown}
 f - 3 potions of attraction {unknown}
 j - 2 potions of haste {unknown}
 m - 3 potions of degeneration {unknown}
 n - 2 potions of ambrosia {unknown}
 q - 3 potions of heal wounds {unknown}
 r - a potion of magic {unknown}
 s - 2 potions of lignification {unknown}


   Skills:
 + Level 7.0 Fighting
 + Level 2.3 Short Blades
 + Level 2.3 Long Blades
 + Level 2.3 Axes
 + Level 2.3 Maces & Flails
 + Level 5.1 Polearms
 + Level 2.3 Staves
 + Level 2.3 Slings
 + Level 2.3 Bows
 + Level 2.3 Crossbows
 + Level 2.3 Throwing
 + Level 7.0 Armour
 + Level 2.3 Dodging
 + Level 2.3 Stealth
 + Level 7.0 Shields
 + Level 2.3 Unarmed Combat
 + Level 2.3 Spellcasting
 + Level 1.9 Conjurations
 + Level 1.9 Hexes
 + Level 1.9 Summonings
 + Level 1.9 Necromancy
 + Level 1.9 Translocations
 + Level 1.9 Transmutations
 + Level 1.9 Fire Magic
 + Level 1.9 Ice Magic
 + Level 1.9 Air Magic
 + Level 1.9 Earth Magic
 + Level 1.9 Poison Magic
 + Level 2.5 Invocations
 + Level 2.3 Evocations


You had 10 spell levels left.
You didn't know any spells.
Your spell library contained the following spells:

 Spells                   Type           Power      Damage    Failure   Level
 Dazzling Flash           Conj/Hex       8%         N/A       99%         3
 Iskenderun's Mystic Bla  Conj/Tloc      4%         2d3       100%        4
 Starburst                Conj/Fire      2%         6d3       100%        6


Dungeon Overview and Level Annotations

Branches:
Dungeon (4/15)
 Temple: D:4-7

Altars:
Sif Muna
Xom
Zin

Shops:
D:3 *


Innate Abilities, Weirdness & Mutations

You have very sharp teeth.
Your uncanny sense of smell can sniff out nearby items.
Your experience applies equally to all skills.


Message History

You puncture the ogre!
The ogre is severely wounded.
You block the ogre's attack. You block the hound's attack.
You hit the ogre. You bite the ogre, but do no damage.
The ogre is almost dead.
The hound bites you but does no damage. The ogre barely misses you.
You hit the ogre but do no damage.
The ogre is almost dead.
The hound bites you. You block the hound's attack. You block the ogre's attack.
You hit the ogre but do no damage.
The ogre is almost dead.
You block the hound's attack. The hound barely misses you.
The ogre hits you with a +0 giant club!!
You completely miss the ogre. You bite the ogre.
The ogre is almost dead.
The hound closely misses you. The hound bites you.
The ogre hits you with a +0 giant club!
You are too injured to fight recklessly!
You are too injured to fight recklessly!
You are too injured to fight recklessly!
You are too injured to fight recklessly!
You block the hound's attack.
You puncture the hound! Your bite misses the hound.
The hound is heavily wounded.
The hound bites you.
* * * LOW HITPOINT WARNING * * *
You miss the hound.
The hound is heavily wounded.
The hound bites you.
* * * LOW HITPOINT WARNING * * *
The hound barely misses you.
You puncture the hound!
You kill the hound!
Your Fighting skill increases to level 7!
Your Armour skill increases to level 7!
Your Shields skill increases to level 7!
You hit the ogre.
The ogre is almost dead.
The ogre hits you with a +0 giant club!!
You die...

## .. ## .##
#. ..# #.
..# #. ..#
#.###..##.#
#..@O.....#
#..##...!...
#.†# #.#####
#..###.#
#......#
##.#####
#...# ###.#
#.#


You could see an ogre.

Vanquished Creatures
  Sigmund (D:2)
  2 necrophages (D:4)
  A hound (D:4)
  Jessica (D:2)
  2 adders
  An ufetubus (D:4)
  A worm (D:2)
  A dart slug (D:2)
  9 orcs
  8 ball pythons
  11 endoplasms
  A giant cockroach (D:3)
  6 goblins
  7 hobgoblins
  3 quokkas
  3 bats
  7 frilled lizards
  2 kobolds (D:1)
  10 rats
77 creatures vanquished.

Notes
Turn   | Place    | Note
-------+----------+-------------------------------------------
     0 | D:1      | greenlake the Gnoll Fighter began the quest for the Orb.
     0 | D:1      | Reached XP level 1. HP: 23/23 MP: 1/1
   378 | D:1      | Reached XP level 2. HP: 22/29 MP: 2/2
   861 | D:1      | Reached XP level 3. HP: 34/35 MP: 3/3
  1057 | D:2      | Found a faded altar of an unknown god.
  1177 | D:2      | Reached skill level 1 in Invocations
  1533 | D:2      | Noticed Sigmund
  1578 | D:2      | Killed Sigmund
  1579 | D:2      | Reached skill level 1 in Short Blades
  1579 | D:2      | Reached skill level 1 in Long Blades
  1579 | D:2      | Reached skill level 1 in Axes
  1579 | D:2      | Reached skill level 1 in Maces & Flails
  1579 | D:2      | Reached skill level 1 in Staves
  1579 | D:2      | Reached skill level 1 in Slings
  1579 | D:2      | Reached skill level 1 in Bows
  1579 | D:2      | Reached skill level 1 in Crossbows
  1579 | D:2      | Reached skill level 1 in Throwing
  1579 | D:2      | Reached skill level 1 in Dodging
  1579 | D:2      | Reached skill level 1 in Stealth
  1579 | D:2      | Reached skill level 1 in Unarmed Combat
  1579 | D:2      | Reached skill level 1 in Spellcasting
  1579 | D:2      | Reached skill level 1 in Conjurations
  1579 | D:2      | Reached skill level 1 in Hexes
  1579 | D:2      | Reached skill level 1 in Summonings
  1579 | D:2      | Reached skill level 1 in Necromancy
  1579 | D:2      | Reached skill level 1 in Translocations
  1579 | D:2      | Reached skill level 1 in Transmutations
  1579 | D:2      | Reached skill level 1 in Fire Magic
  1579 | D:2      | Reached skill level 1 in Ice Magic
  1579 | D:2      | Reached skill level 1 in Air Magic
  1579 | D:2      | Reached skill level 1 in Earth Magic
  1579 | D:2      | Reached skill level 1 in Poison Magic
  1579 | D:2      | Reached skill level 1 in Evocations
  1579 | D:2      | Reached XP level 4. HP: 30/41 MP: 4/6
  1579 | D:2      | Reached XP level 5. HP: 35/47 MP: 4/7
  1682 | D:2      | Noticed Jessica
  1686 | D:2      | Killed Jessica
  1687 | D:2      | Reached XP level 6. HP: 53/53 MP: 8/8
  1990 | D:3      | Found a glowing silver altar of Zin.
  2503 | D:3      | Found Pehois's Assorted Antiques.
  2594 | D:3      | Found a shimmering blue altar of Sif Muna.
  2847 | D:4      | Found a shimmering altar of Xom.
  2873 | D:4      | Reached skill level 5 in Polearms
  3129 | D:4      | Noticed a necrophage
  3140 | D:4      | Killed a necrophage
  3184 | D:4      | Noticed a necrophage
  3195 | D:4      | Killed a necrophage
  3196 | D:4      | Reached XP level 7. HP: 59/59 MP: 10/10
  3326 | D:4      | Mangled by an ogre

Illustrated notes

Levels and vault maps discovered:
D:1:      scummos_arrival_hexagon, layout_basic
D:2:      layout_loops_ring, hellmonk_ecumenical_altar_arch_garden,
          hangedman_decor_riveting, uniq_sigmund, uniq_jessica
D:3:      layout_loops_ring, led_sif_pool, mainiacjoe_overflow_surrounded_room,
          serial_shops, nicolae_shop_statue_plus, grunt_decor_one_mirror
D:4:      cheibrodos_barr_body, layout_loops_corners,
          mainiacjoe_overflow_tiny_flanked

Skill      XL: |  1  2  3  4  5  6  7 |
---------------+----------------------+-----
Invocations    | 1 2 |  2.5
Short Blades   | 1 2 |  2.3
Long Blades    | 1 2 |  2.3
Axes           | 1 2 |  2.3
Maces & Flails | 1 2 |  2.3
Staves         | 1 2 |  2.3
Slings         | 1 2 |  2.3
Bows           | 1 2 |  2.3
Crossbows      | 1 2 |  2.3
Throwing       | 1 2 |  2.3
Dodging        | 1 2 |  2.3
Stealth        | 1 2 |  2.3
Unarmed Combat | 1 2 |  2.3
Spellcasting   | 1 2 |  2.3
Conjurations   | 1 |  1.9
Hexes          | 1 |  1.9
Summonings     | 1 |  1.9
Necromancy     | 1 |  1.9
Translocations | 1 |  1.9
Transmutations | 1 |  1.9
Fire Magic     | 1 |  1.9
Ice Magic      | 1 |  1.9
Air Magic      | 1 |  1.9
Earth Magic    | 1 |  1.9
Poison Magic   | 1 |  1.9
Evocations     | 1 2 |  2.3
Polearms       | 5 |  5.1
Fighting       | 7 |  7.0
Armour         | 7 |  7.0
Shields        | 7 |  7.0

Action                   |  1- 3 |  4- 6 |  7- 9 || total
-------------------------+-------+-------+-------++-------
Melee: Trident           |   142 |   135 |    18 ||   295
       Bite              |     8 |     9 |     3 ||    20
Armor: Scale mail        |    37 |    31 |     2 ||    70
       Skin              |     7 |       |       ||     7
Dodge: Dodged            |    37 |    34 |     7 ||    78
Block: Kite shield       |    53 |    54 |     9 ||   116
